 Dungeon Crawl Stone Soup version bcrawl-1.29.2 (webtiles) character file.

Game seed: 9692746980212423379

144707 Anonimiaus the Skirmisher (level 4, -5/51 HPs)
             Began as an Ent Fighter on Feb 22, 2021.
             Slain by Sigmund
             ... wielding a +4 scythe of flaming
              (11 damage)
             ... on level 3 of the Dungeon.
             The game lasted 00:04:39 (1933 turns).

Anonimiaus the Skirmisher (Ent Fighter)             Turns: 1933, Time: 00:04:40

Health: -5/51      AC: 11    Str: 29    XL:     4   Next: 63%
Magic:  4/4        EV:  8    Int:  9    God:
Gold:   122        SH:  9    Dex: 14    Spells: 3/3 levels left

rFire    + . .     SeeInvis .   a - +0 trident
rCold    + . .     Gourm    .   b - +0 medium shield
rNeg     + + +     Faith    .   (armour unavailable)
rPois    +         Spirit   .   (helmet restricted)
rElec    +         Reflect  .   (no cloak)
rCorr    +         Harm     .   (gloves unavailable)
MR       .....                  (boots unavailable)
Stlth    ++........             n - amulet of rage
HPRegen  0.17/turn              d - ring of insulation
MPRegen  0.09/turn              j - +5 ring of dexterity

@: mighty, resistant, very slow
A: large, slow actions, passwall, negative energy resistance 3, poison
resistance, slow metabolism 1, torment resistance, unbreathing, AC +11
a: Passwall, Evoke Berserk Rage


You were on level 3 of the Dungeon.
You were not hungry.

You visited 1 branch of the dungeon, and saw 3 of its levels.

You collected 122 gold pieces.

Inventory:

Hand Weapons
 a - a +0 trident (weapon)
Armour
 b - a +0 medium shield (worn)
Jewellery
 d - a ring of insulation (left hand)
 j - a +5 ring of dexterity (right hand)
 n - an amulet of rage (around neck)
Scrolls
 f - a scroll of immolation {unknown}
 g - a scroll of remove curse {unknown}
 h - a scroll of enchant armour {unknown}
 i - 2 scrolls of identify
 k - a scroll of teleportation {unknown}
 o - a scroll of amnesia {unknown}
 p - a scroll of magic mapping {unknown}
Potions
 m - a potion of magic {unknown}
 q - a potion of ambrosia {unknown}
 r - a potion of curing {unknown}
Comestibles
 e - 4 rations {!d}


   Skills:
 + Level 4.1 Fighting
 + Level 3.3 Polearms
 + Level 3.0 Dodging
 + Level 2.1 Stealth
 + Level 2.7 Shields
 + Level 0.2 Evocations


You had 3 spell levels left.
You didn't know any spells.
Your spell library was empty.

Dungeon Overview and Level Annotations

Branches:
Dungeon (3/12)

Altars:
Elyvilon

Annotations:
D:3 Sigmund


Innate Abilities, Weirdness & Mutations

You move and act slowly.
You can pass through walls and trees.
Your thick bark is tough. (AC +11)
You are too large for most types of armour.
You are immune to negative energy. (rN+++)
Your system is resistant to poisons. (rPois)
You have a slow metabolism.
You are immune to unholy pain and torment.
You can survive without breathing.


Message History

Something hits you.
* * * LOW HITPOINT WARNING * * *
Something burns you.
* * * LOW HITPOINT WARNING * * *
You miss something.
You hear some strange, mumbled words.
Something tries to affect you, but you resist.
You closely miss something. Something hits you!
* * * LOW HITPOINT WARNING * * *
Something burns you.
* * * LOW HITPOINT WARNING * * *
Okay, then.
It was a potion of resistance.
You feel protected. Something hits you but does no damage.
You hear some strange, mumbled words.
A puff of flame appears from out of thin air!
You block the puff of flame. Something hits you!
You die...

...# ...# ..!###
..... ###
#####...####
#...#..........#
#..#..........#
#..'..........+
#.##.@........#
##.##########
### #...+ ##.+
#...## ##..#
##...# ##....
#...## ##.....
##...# ##(.....
#...## ##.......
##...#
##......#.


There were no monsters in sight!

Vanquished Creatures
  A howler monkey skeleton (D:2)
  An ooze (D:2)
  4 worms
  A dart slug (D:3)
  4 leopard geckos
  3 orcs (D:3)
  A ball python (D:1)
  3 giant cockroaches
  4 goblins
  12 hobgoblins
  11 jackals
  3 quokkas
  6 bats
  5 frilled lizards
  6 kobolds
  4 rats (D:1)
69 creatures vanquished.

Notes
Turn   | Place    | Note
-------+----------+-------------------------------------------
     0 | D:1      | Anonimiaus the Ent Fighter began the quest for the Orb.
     0 | D:1      | Reached XP level 1. HP: 25/25 MP: 1/1
    95 | D:1      | Reached skill level 1 in Stealth
   114 | D:1      | Reached XP level 2. HP: 32/33 MP: 2/2
   328 | D:1      | Reached XP level 3. HP: 41/42 MP: 3/3
  1016 | D:2      | Reached XP level 4. HP: 51/51 MP: 4/4
  1465 | D:3      | Noticed Sigmund
  1488 | D:3      | Reached skill level 4 in Fighting
  1628 | D:3      | Found a white marble altar of Elyvilon.
  1933 | D:3      | Slain by Sigmund

Skill      XL: |  1  2  3  4 |
---------------+-------------+-----
Stealth        | 1 2 |  2.1
Dodging        | 3 |  3.0
Polearms       | 3 |  3.3
Fighting       | 4 |  4.1
Shields        | |  2.7
Evocations     | |  0.2

Action                   |  1- 3 |  4- 6 || total
-------------------------+-------+-------++-------
Melee: Trident           |   138 |    85 ||   223
 Abil: Passwall          |     1 |       ||     1
  Use: Potion            |       |     2 ||     2
 Stab: Sleeping          |     3 |     2 ||     5
  Eat: Chunk             |     5 |     5 ||    10
Armor: Skin              |   103 |    49 ||   152
Dodge: Dodged            |    62 |    21 ||    83
Block: Medium shield     |   100 |    41 ||   141
